Map: [ESL] Royal Blood

Players

ByuN - Winner!

  • Race: Terran Terran
  • Spawn Location: 1:00

Astrea

  • Race: Protoss Protoss
  • Spawn Location: 7:00

Event: ESL SC2 Masters 2023 Summer (Finals)

VOD

Have the link to the VOD?

Description

Time

  • Played on: June 16, 2023, 9:49 a.m.
  • Length: 15:17

All games in this series

Show
View Real Time Build Order
Export as new Build Order

ByuN Terran - Winner!

Build Orders:  

Get SALT Encoding   

  12  0:00  SCV  
  13  0:12  SCV  
  14  0:16  Supply Depot  
  14  0:24  SCV  
  15  0:38  SCV  
  15  0:40  Barracks  
  16  0:42  Refinery  
  16  0:50  SCV  
  17  1:02  SCV  
  18  1:14  SCV  
  19  1:27  Orbital Command, Marine  
  20  1:37  Command Center  
  20  1:45  Barracks Reactor  
  20  1:53  SCV, Supply Depot  
  21  2:04  Barracks  
  21  2:05  SCV  
  22  2:11  Barracks  
  22  2:17  SCV  
  22  2:21  Marine x2  
  26  2:30  SCV  
  26  2:38  Marine  
  26  2:39  Marine  
  26  2:42  SCV  
  29  2:51  Orbital Command  
  29  2:55  Bunker  
  29  2:56  Marine  
  29  2:57  Barracks Tech Lab  
  29  2:58  Marine  
  30  2:59  SCV, Barracks Tech Lab  
  32  3:11  SCV  
  32  3:14  Marine  
  32  3:16  Marine  
  32  3:17  SCV  
  32  3:18  Marine  
  32  3:19  Stimpack, Marine  
  37  3:23  SCV  
  37  3:24  Supply Depot  
  38  3:29  SCV  
  38  3:32  Marine  
  38  3:33  Combat Shield  
  38  3:34  Marine  
  39  3:35  SCV  
  43  3:41  SCV  
  43  3:47  SCV  
  45  3:50  Supply Depot  
  45  3:52  Marauder  
  45  3:53  Marauder, SCV, Marine  
  45  3:55  Marine  
  50  3:59  SCV  
  50  4:01  Engineering Bay  
  51  4:05  SCV  
  51  4:07  Supply Depot  
  52  4:11  Marine, SCV  
  52  4:12  Marine  
  52  4:13  Supply Depot  
  52  4:16  Marine x2  
  57  4:18  SCV  
  57  4:23  SCV  
  58  4:26  Factory  
  58  4:30  SCV  
  58  4:35  Marine x2, SCV  
  58  4:36  Refinery  
  58  4:37  Refinery  
  61  4:39  Marine  
  61  4:40  Marine  
  61  4:42  SCV  
  61  4:44  Supply Depot  
  63  4:48  SCV  
  64  4:53  Marine x2  
  64  4:56  Refinery  
  64  4:57  SCV  
  67  5:00  SCV, Supply Depot  
  68  5:11  Marine x2  
  68  5:13  Starport, Factory Reactor  
  70  5:16  Marauder x2  
  70  5:17  SCV  
  70  5:18  SCV  
  75  5:26  Barracks x2  
  75  5:30  Terran Infantry Weapons Level 1  
  75  5:35  Concussive Shells  
  75  5:36  Barracks  
  75  5:38  Barracks, Marauder x2, SCV x2  
  81  5:45  Supply Depot  
  81  5:47  Supply Depot  
  81  5:55  Factory Reactor  
  81  5:56  Supply Depot  
  81  5:57  Medivac x2  
  86  6:06  Marine x2  
  86  6:07  Marauder x2  
  93  6:13  Supply Depot  
  93  6:23  Barracks Reactor  
  93  6:24  Marine x2  
  93  6:25  Barracks Tech Lab  
  93  6:28  Medivac  
  93  6:29  Marauder x2  
  98  6:34  Medivac  
  98  6:36  Widow Mine x2  
  98  6:39  Supply Depot x2  
  104  6:43  Marine  
  103  6:47  Marauder  
  103  6:50  Marauder x2  
  109  6:58  Widow Mine  
  109  6:59  Widow Mine  
  113  7:02  Medivac  
  113  7:06  Medivac  
  117  7:10  Marine x4  
  125  7:23  Marauder x3  
  125  7:28  Marine x4, Terran Infantry Armor Level 1  
  131  7:32  Supply Depot  
  131  7:33  Widow Mine  
  132  7:37  Widow Mine  
  126  7:47  Marauder x2  
  126  7:48  Marauder  
  126  7:49  Marine x2  
  126  7:50  Marine  
  129  7:55  Widow Mine  
  128  7:59  Marine  
  129  8:07  Marine  
  129  8:08  Marauder x2  
  129  8:09  Marauder  
  129  8:11  Marine x2  
  138  8:15  Widow Mine  
  138  8:16  Widow Mine  
  138  8:17  Marine  
  143  8:24  Marine  
  141  8:30  Marauder x3  
  141  8:33  Marine x2  
  135  8:38  Medivac  
  125  8:43  Missile Turret  
  125  8:44  Marine  
  114  8:48  Marine  
  114  8:51  Marine, Marauder x2  
  114  8:52  Marauder, Marine  
  123  9:09  Marine x2  
  123  9:12  Marauder  
  123  9:13  Marauder  
  121  9:26  Marauder  
  117  9:33  Marine x3  
  117  9:34  Marauder x2  
  117  9:35  Viking x2  
  117  9:36  Widow Mine  
  117  9:37  Widow Mine  
  131  9:41  Marine  
  132  9:48  Marauder  
  134  9:56  Marauder x2  
  134  9:57  Marine x2  
  134  9:58  Marine  
  134  9:59  Marine  
  142  10:05  Viking x2  
  145  10:09  Marauder  
  145  10:12  Supply Depot  
  147  10:26  Marine x2  
  146  10:28  Widow Mine x2  
  148  10:43  Marauder x3  
  148  10:46  Marine x3  
  148  10:47  Marine  
  143  11:04  Marauder, Marine x2  
  143  11:06  Widow Mine  
  143  11:07  Widow Mine  
  142  11:13  Marauder  
  142  11:16  Marauder  
  142  11:21  Marine  
  142  11:23  Marine  
  141  11:29  Marauder  
  133  11:34  Marine, Marauder  
  133  11:37  Marauder  
  106  11:46  Marine x2  
  104  11:50  Marauder  
  104  11:52  Widow Mine  
  96  11:54  Marine x2  
  96  11:56  Marauder  
  96  11:59  Marauder  
  96  12:00  Orbital Command  
  100  12:03  Marine  
  100  12:05  Viking  
  103  12:16  Viking, Missile Turret  
  105  12:27  SCV x2  
  105  12:29  Marauder  
  107  12:34  Marauder  
  109  12:44  Ghost Academy  
  109  12:47  Viking  
  111  12:52  Viking  
  113  13:00  Marine  
  113  13:01  Marine x3  
  117  13:08  Refinery  
  116  13:13  Ghost  
  116  13:16  Ghost  
  117  13:22  Marine x2  
  117  13:23  Marine  
  118  13:29  Marauder  
  119  13:39  Orbital Command  
  119  13:40  Marine x2  
  117  14:01  Missile Turret  
  111  14:10  Marine x2, Marauder  
  107  14:20  Marine x2  
  96  14:28  Marine x2  
  98  14:34  Marauder  
  98  14:36  Marauder, Marine  
  97  14:40  Marine x2  
  90  14:46  Marine x2  
  85  14:54  Marauder  
  85  14:55  Marine  
  85  14:57  Marine  
Show
View Real Time Build Order
Export as new Build Order

Astrea Protoss 

Build Orders: 1 Gate Expand, Blink Stalkers 

Get SALT Encoding   

  12  0:00  Probe  
  13  0:12  Probe  
  14  0:16  Pylon  
  14  0:24  Probe (Chrono Boost)  
  16  0:36  Probe (Chrono Boost), Gateway  
  16  0:43  Probe (Chrono Boost)  
  16  0:45  Assimilator  
  17  0:51  Probe  
  18  1:03  Probe  
  19  1:15  Probe  
  20  1:22  Cybernetics Core  
  20  1:31  Nexus  
  20  1:34  Probe  
  21  1:40  Pylon  
  21  1:46  Probe  
  22  1:48  Assimilator  
  22  1:56  Adept (Chrono Boost)  
  22  1:58  Probe  
  22  2:00  Warp Gate  
  25  2:10  Probe  
  26  2:16  Adept (Chrono Boost)  
  29  2:22  Probe  
  29  2:26  Twilight Council  
  29  2:36  Probe (Chrono Boost)  
  30  2:43  Probe (Chrono Boost)  
  31  2:46  Gateway  
  33  2:52  Probe x2 (Chrono Boost)  
  33  2:54  Blink (Chrono Boost)  
  33  2:57  Probe (Chrono Boost)  
  33  2:59  Probe  
  35  3:09  Probe  
  35  3:11  Probe  
  37  3:13  Sentry  
  39  3:21  Probe  
  39  3:23  Probe  
  41  3:30  Nexus  
  41  3:33  Probe  
  41  3:34  Pylon  
  42  3:37  Probe  
  43  3:45  Probe  
  42  3:48  Stalker  
  42  3:49  Stalker  
  42  3:52  Probe  
  47  3:57  Probe, Shield Battery  
  47  4:02  Gateway  
  48  4:04  Probe  
  50  4:10  Probe  
  50  4:11  Pylon  
  50  4:14  Stalker  
  50  4:16  Stalker  
  54  4:29  Probe x2  
  56  4:41  Probe x2  
  56  4:43  Stalker x2  
  56  4:45  Assimilator  
  62  4:46  Pylon, Assimilator  
  62  4:50  Probe  
  63  4:53  Probe x2  
  63  4:55  Robotics Facility  
  63  4:59  Stalker  
  67  5:06  Probe (Chrono Boost)  
  66  5:08  Probe (Chrono Boost)  
  66  5:13  Probe (Chrono Boost)  
  68  5:14  Shield Battery  
  68  5:16  Pylon  
  68  5:17  Probe (Chrono Boost)  
  68  5:19  Probe (Chrono Boost)  
  71  5:23  Probe (Chrono Boost)  
  71  5:24  Probe x2 (Chrono Boost)  
  73  5:28  Sentry  
  73  5:29  Sentry  
  73  5:31  Charge  
  73  5:33  Probe, Gateway x2  
  78  5:36  Probe x2  
  78  5:41  Gateway  
  80  5:45  Probe  
  80  5:48  Probe  
  80  5:49  Observer (Chrono Boost)  
  83  5:52  Probe, Pylon  
  83  5:53  Robotics Bay  
  83  5:54  Pylon, Forge  
  84  5:58  Zealot x3  
  84  6:03  Dark Shrine  
  90  6:05  Probe, Assimilator  
  90  6:06  Probe  
  92  6:17  Immortal (Chrono Boost)  
  92  6:19  Pylon  
  92  6:21  Probe  
  92  6:22  Zealot x3  
  92  6:23  Protoss Ground Weapons Level 1 (Chrono Boost)  
  103  6:25  Observer  
  103  6:27  Pylon  
  103  6:31  Probe  
  102  6:44  Colossus (Chrono Boost)  
  102  6:52  Stalker x5  
  117  6:58  Pylon  
  117  6:59  Pylon  
  117  7:04  Pylon  
  117  7:07  Extended Thermal Lance  
  117  7:09  Pylon  
  117  7:15  Gateway  
  115  7:16  Gateway  
  115  7:19  Stalker x3  
  119  7:24  Zealot x3  
  119  7:29  Colossus (Chrono Boost)  
  115  7:47  Zealot x6  
  119  8:01  Nexus  
  119  8:08  Pylon  
  119  8:09  Warp Prism (Chrono Boost)  
  121  8:13  Dark Templar x4  
  121  8:19  Zealot  
  127  8:20  Zealot x2, Dark Templar  
  105  8:48  Stalker x6  
  103  8:50  Colossus (Chrono Boost)  
  115  9:00  Zealot  
  115  9:15  Zealot x6  
  114  9:33  Colossus (Chrono Boost)  
  118  9:41  Stalker x6  
  128  9:47  Nexus  
  128  10:03  Sentry  
  128  10:04  Zealot x6  
  130  10:30  Dark Templar  
  130  10:31  Zealot x4  
  140  10:42  Probe  
  122  10:44  Colossus (Chrono Boost)  
  122  10:45  Stalker x2  
  114  11:01  Zealot x4  
  114  11:03  Zealot  
  98  11:14  Zealot x2  
  96  11:26  Dark Templar  
  96  11:30  Zealot x4  
  98  11:39  Probe  
  73  11:41  Stalker  
  73  11:43  Dark Templar  
  75  12:02  Nexus  
  75  12:07  Sentry x3  
  81  12:15  Observer (Chrono Boost)  
  82  12:18  Dark Templar  
  84  12:28  Observer (Chrono Boost)  
  83  12:31  Dark Templar  
  83  12:32  Protoss Ground Armor Level 1 (Chrono Boost)  
  83  12:34  Probe x2  
  87  12:46  Probe x2  
  87  12:48  Sentry x4  
  95  13:16  Stalker x4  
  103  13:22  Stalker  
  103  13:25  Observer  
  105  13:40  Disruptor (Chrono Boost)  
  107  13:50  Dark Templar  
  109  13:58  Stalker x3  
  115  14:05  Nexus  
  91  14:18  Zealot x3  
  91  14:23  Colossus (Chrono Boost)  
  83  14:28  Sentry x4  
  76  14:48  Stalker x3  
  72  14:53  Zealot x2, Dark Templar  
  72  14:58  Stalker  
Tags
 
Add a new tag
Caveats
  • Supply blocks, unpowered buildings, or Contaminate may cause inaccurate times.
  • Supply counts are checked every 10 seconds.